Map: 에코 - 래더 (공허)

Players

INnoVation - Winner!

  • Race: Terran Terran
  • Spawn Location: 5:00

Stats

  • Race: Protoss Protoss
  • Spawn Location: 11:00

VOD

Have the link to the VOD?

Description

Time

  • Played on: Dec. 18, 2016, 12:09 a.m.
  • Length: 4:28
Show
View Real Time Build Order
Export as new Build Order

INnoVation Terran - Winner!

Build Orders: 1/1/1, Cyclone Opening 

Get SALT Encoding   

  12  0:00  SCV  
  13  0:12  SCV  
  14  0:17  Supply Depot  
  14  0:25  SCV  
  15  0:38  SCV  
  15  0:42  Barracks  
  16  0:46  Refinery  
  16  0:50  SCV  
  16  0:56  Refinery  
  17  1:02  SCV  
  18  1:14  SCV  
  19  1:28  Marine, Orbital Command  
  20  1:33  Factory  
  20  1:43  Supply Depot  
  20  1:47  Barracks Reactor  
  21  1:54  SCV  
  21  2:07  SCV  
  22  2:16  Cyclone  
  22  2:20  Starport  
  25  2:23  Marine x2  
  25  2:28  Supply Depot  
  27  2:33  SCV  
  28  2:40  Marine  
  28  2:41  Marine  
  30  2:50  Cyclone  
  33  2:53  Supply Depot  
  33  2:58  Marine x2  
  33  3:05  Medivac  
  37  3:15  Bunker  
  37  3:16  Marine  
  37  3:18  Marine  
  39  3:27  Liberator  
  39  3:28  Cyclone  
  41  3:34  Marine  
  41  3:35  Supply Depot  
  41  3:36  Marine  
  46  3:52  Marine  
  47  4:01  Supply Depot  
Show
View Real Time Build Order
Export as new Build Order

Stats Protoss 

Build Orders: 1 Gate Expand, Oracle Opening 

Get SALT Encoding   

  12  0:01  Probe (Chrono Boost)  
  13  0:11  Probe (Chrono Boost)  
  14  0:18  Pylon  
  14  0:22  Probe (Chrono Boost)  
  15  0:36  Probe (Chrono Boost)  
  15  0:37  Gateway  
  16  0:43  Assimilator  
  16  0:47  Probe (Chrono Boost)  
  17  0:57  Probe (Chrono Boost)  
  18  1:08  Probe (Chrono Boost)  
  19  1:18  Nexus  
  19  1:27  Cybernetics Core  
  19  1:30  Probe (Chrono Boost)  
  20  1:35  Assimilator  
  20  1:41  Probe (Chrono Boost)  
  20  1:45  Pylon  
  21  1:51  Probe (Chrono Boost)  
  22  2:00  Adept  
  22  2:03  Probe (Chrono Boost)  
  22  2:04  Warp Gate  
  26  2:16  Probe (Chrono Boost)  
  26  2:21  Stargate  
  26  2:24  Adept  
  26  2:28  Probe (Chrono Boost)  
  30  2:30  Probe (Chrono Boost)  
  30  2:40  Probe x2 (Chrono Boost)  
  32  2:48  Adept  
  32  2:51  Probe (Chrono Boost)  
  34  2:52  Probe (Chrono Boost)  
  37  3:05  Pylon  
  37  3:06  Mothership Core (Chrono Boost)  
  37  3:12  Oracle  
  38  3:24  Pylon  
  36  3:29  Adept  
  38  3:42  Pylon  
  38  3:43  Pylon  
  30  4:05  Adept  
Tags
 
Add a new tag
Caveats
  • Supply blocks, unpowered buildings, or Contaminate may cause inaccurate times.
  • Supply counts are checked every 10 seconds.